 Dungeon Crawl Stone Soup version 0.28-a0-1038-g9c4cb8273d (webtiles) character file.

Game seed: 2432492370474219970

4497 horus123 the Quickloader (level 10, 0/55 (56) HPs)
             Began as a Kobold Hunter on Dec 8, 2021.
             Was a Believer of the Shining One.
             Slain by a catoblepas (6 damage)
             ... while petrified by a catoblepas
             ... on level 7 of the Dungeon.
             The game lasted 00:27:26 (9882 turns).

horus123 the Quickloader (Kobold Hunter)            Turns: 9882, Time: 00:27:27

HP:   0/55 (56)     AC:  8    Str: 10    XL:     10   Next: 65%
MP:   7/16          EV:  3    Int: 20    God:    the Shining One [**....]
Gold: 468           SH:  0    Dex: 24    Spells: 3/17 levels left

rFire   . . .      SeeInvis .   a - +1 hand crossbow (flame)
rCold   . . .      Faith    .   (shield restricted)
rNeg    + + +      Spirit   .   y - +1 robe {Archmagi}
rPois   ∞          Reflect  .   (no helmet)
rElec   .          Harm     .   (no cloak)
rCorr   .          Rampage  .   f - +1 pair of gloves
Will    .....      Archmagi +   n - +2 pair of boots
Stlth   ++........              (no amulet)
HPRegen 0.18/turn               F - +6 ring of intelligence
MPRegen 0.15/turn               E - +6 ring of dexterity

@: petrified, glowing, lightly drained
A: small, no large weapons, nightstalker 3
a: Renounce Religion, Divine Shield


You were on level 7 of the Dungeon.
You worshipped the Shining One.
The Shining One was pleased with you.
You visited 2 branches of the dungeon, and saw 9 of its levels.

You collected 468 gold pieces.

Inventory:

Hand Weapons
 a - a +1 hand crossbow of flaming (weapon)
 b - a +0 short sword
 k - a +1 vorpal war axe
 o - a +3 short sword
 q - a +2 short sword of freezing
Missiles
 d - 47 bolts (quivered ammo)
 r - 3 atropa-tipped darts
Armour
 c - a +0 leather armour
 f - a +1 pair of gloves (worn)
 n - a +2 pair of boots (worn)
 x - a +0 robe
 y - a +1 robe of the Archmagi (worn)
Magical Staves
 m - a staff of poison
Jewellery
 j - a ring of flight
 u - a +6 ring of strength
 A - a ring of protection from fire
 E - a +6 ring of dexterity (right hand)
 F - a +6 ring of intelligence (left hand)
Wands
 i - a wand of acid (12)
 D - a wand of charming (2)
Scrolls
 p - a scroll of fear
 s - 5 scrolls of identify
 v - 2 scrolls of teleportation
 w - a scroll of magic mapping {unknown}
 z - a scroll of amnesia {unknown}
 B - a scroll of silence
Potions
 e - 2 potions of mutation {unknown}
 g - a potion of haste {unknown}
 h - 3 potions of lignification
 l - a potion of flight {unknown}
 t - a potion of brilliance {unknown}
 C - a potion of might {unknown}


   Skills:
 - Level 3.5 Fighting
 - Level 2.5 Short Blades
 - Level 8.0 Crossbows
 - Level 2.4 Dodging
 - Level 1.3 Stealth
 - Level 4.3 Spellcasting
 - Level 7.4 Conjurations
 - Level 5.2 Hexes
 - Level 2.2 Translocations
 - Level 7.1 Air Magic
 - Level 4.2 Invocations


You had 3 spell levels left.
You knew the following spells:

 Your Spells              Type           Power      Damage    Failure   Level
a - Shock                 Conj/Air       100%       1d9       1%          1
b - Airstrike             Air            24%        N/A       7%          4
c - Searing Ray           Conj           100%       2d8       1%          2
d - Magic Dart            Conj           100%       1d8       1%          1
e - Portal Projectile     Hex/Tloc       56%        N/A       9%          3
f - Swiftness             Air            49%        N/A       1%          3

Your spell library contained the following spells:

 Spells                   Type           Power      Damage    Failure   Level
 Call Canine Familiar     Summ           6%         N/A       36%         3
 Fulminant Prism          Conj/Hex       22%        3d13      10%         4
 Leda's Liquefaction      Hex/Erth       11%        N/A       38%         4


Dungeon Overview and Level Annotations

Branches:
Dungeon (8/15)             Temple (1/1) D:4
   Lair: D:8-11

Altars:
Ashenzari
Cheibriados
Dithmenos
Fedhas
Gozag
Kikubaaqudgha
Nemelex Xobeh
Okawaru
Qazlal
Ru
Sif Muna
Trog
Uskayaw
Vehumet
Wu Jian
Xom
The Shining One

Shops:
D:4 *   D:7 [


Innate Abilities, Weirdness & Mutations

You are small and have problems with some larger weapons.
You are completely attuned to the shadows.


Message History

The catoblepas breathes a plume of calcifying dust at you.
The blast of calcifying dust hits you but does no damage.
You are engulfed in calcifying dust.
The howler monkey hits you but does no damage.
The wight hits you but does no damage. The howler monkey hits you.
The catoblepas gores you!!
You are engulfed in calcifying dust.
The howler monkey hits you but does no damage.
A wight comes into view. It is wielding a +3 flail.
The wight hits you from afar with a +0 spear.
The catoblepas breathes a plume of calcifying dust at you.
The blast of calcifying dust hits you!
You are engulfed in calcifying dust.
The howler monkey hits you.
The wight hits you from afar with a +0 spear!
The catoblepas barely misses you.
You are engulfed in calcifying dust.
The howler monkey hits you but does no damage.
A wight comes into view. It is wielding a +0 great sword.
The wight hits you from afar with a +0 spear.
The catoblepas gores you but does no damage.
The howler monkey hits you. The wight barely misses you.
The catoblepas breathes a plume of calcifying dust at you.
The blast of calcifying dust hits you.
* * * LOW HITPOINT WARNING * * *
You turn to flesh and can move again.
Unknown command.
You are engulfed in calcifying dust.
You are slowing down.
The howler monkey hits you.
* * * LOW HITPOINT WARNING * * *
The wight hits you from afar with a +0 spear.
You partially resist.
You feel drained.
The catoblepas breathes a plume of calcifying dust at you.
The blast of calcifying dust hits you!
* * * LOW HITPOINT WARNING * * *
The howler monkey hits you.
* * * LOW HITPOINT WARNING * * *
You climb upwards.
You have turned to stone.
The howler monkey hits you. The catoblepas gores you!
You die...

#.# #.......# #.# #.###.####.##
##.# #..........# #..#
#####.###### #.## #....# #)#
####.#..######## #.#
.###.###.###.############.#######
..............##hY...............
##.###.###.##..#@######)....#####
#...........#.##.#####.......####
..##.###.##...#..##..............
#.#.......#.#.#####.##.......####
#...##.##...#..# #.###.....##
#.#.#(..#.#.#.## #.# ##...##
..#..†#...#...#####.#####.##
#.#.#...#.#.#.#........##.#
#...##.##...#.............#


You could see a catoblepas and a howler monkey.

Vanquished Creatures
  Pikel (D:5)
  The ghost of gimp the Digger, a novice DgEE (D:5)
  Prince Ribbit (D:7)
  The ghost of sirJeffrey23 the Cutter, an amateur DsGl (D:5)
  A meliai zombie (D:6)
  3 wyverns (D:7)
  A steam dragon (D:5)
  3 water moccasins
  An orc warrior (D:7)
  A sky beast (D:5)
  A black bear (D:6)
  A necrophage (D:5)
  5 ogres
  A lemure (D:5)
  3 centaurs
  A bullfrog (D:7)
  A scorpion (D:5)
  2 water moccasin zombies (D:6)
  A water moccasin skeleton (D:5)
  8 wights
  A centaur zombie (D:5)
  A bullfrog zombie (D:5)
  A gnoll shaman (D:5)
  2 hounds
  5 jellies
  A bullfrog skeleton (D:5)
  4 orc wizards
  4 iguanas
  A howler monkey zombie (D:5)
  3 adders
  A river rat (D:4)
  2 white imps
  3 worms
  4 dart slugs
  31 orcs
  A bat (D:2)
  7 endoplasms
  3 giant cockroaches
  5 goblins (D:2)
  4 hobgoblins
  6 kobolds
  3 quokkas
  6 ball pythons
  A frilled lizard (D:3)
  5 rats
143 creatures vanquished.

Notes
Turn   | Place    | Note
-------+----------+-------------------------------------------
     0 | D:1      | horus123 the Kobold Hunter began the quest for the Orb.
     0 | D:1      | Reached XP level 1. HP: 12/12 MP: 1/1
   379 | D:1      | Reached skill level 5 in Crossbows
   421 | D:1      | Reached XP level 2. HP: 17/17 MP: 2/2
   842 | D:1      | Noticed an Executioner
   846 | D:1      | Found a faded altar of an unknown god.
  1040 | D:2      | Reached XP level 3. HP: 19/21 MP: 3/3
  1113 | D:2      | Reached skill level 6 in Crossbows
  1644 | D:3      | Found a broken altar of Ashenzari.
  1651 | D:3      | Learned a level 1 spell: Shock
  1662 | D:3      | Reached skill level 1 in Spellcasting
  1662 | D:3      | Reached XP level 4. HP: 26/26 MP: 3/5
  2343 | D:4      | Learned a level 4 spell: Airstrike
  2375 | D:4      | Found a sacrificial altar of Ru.
  2457 | D:4      | Reached XP level 5. HP: 14/30 MP: 8/8
  2930 | D:4      | Found a glowing drain.
  3173 | D:4      | Found a staircase to the Ecumenical Temple.
  3185 | Temple   | Entered the Ecumenical Temple
  3303 | Temple   | Became a worshipper of the Shining One
  3385 | D:4      | Found Ginant's Overcharged Wands.
  3619 | D:5      | Entered Level 5 of the Dungeon
  3623 | D:5      | Learned a level 2 spell: Searing Ray
  3626 | D:5      | Reached skill level 1 in Conjurations
  3626 | D:5      | Reached XP level 6. HP: 35/35 MP: 9/9
  3657 | D:5      | Found a snail-covered altar of Cheibriados.
  3676 | D:5      | Noticed a necrophage
  3689 | D:5      | Killed a necrophage
  3739 | D:5      | Noticed an ogre
  3743 | D:5      | Killed an ogre
  3744 | D:5      | Reached XP level 7. HP: 40/40 MP: 10/10
  3802 | D:5      | Noticed Pikel
  3825 | D:5      | Killed Pikel
  3826 | D:5      | Reached XP level 8. HP: 34/44 MP: 11/11
  3832 | D:5      | Learned a level 1 spell: Magic Dart
  3906 | D:5      | Found an iron altar of Okawaru.
  4484 | D:5      | Reached skill level 1 in Short Blades
  4545 | D:5      | Found a shimmering blue altar of Sif Muna.
  4676 | D:5      | Found a blossoming altar of Fedhas.
  4744 | D:5      | Found a runed translucent gate.
  4744 | D:5      | Found a runed translucent gate.
  4744 | D:5      | Found a runed translucent gate.
  5019 | D:5      | Reached XP level 9. HP: 34/48 MP: 4/15
  5343 | D:5      | Reached * piety under the Shining One
  5553 | D:5      | Noticed sirJeffrey23's ghost (amateur DsGl)
  5553 | D:5      | Noticed gimp's ghost (novice DgEE)
  5573 | D:5      | Killed gimp's ghost
  5588 | D:5      | Killed sirJeffrey23's ghost
  6715 | D:6      | Found a sparkling altar of Nemelex Xobeh.
  6950 | D:6      | Reached skill level 1 in Invocations
  7541 | D:6      | Reached XP level 10. HP: 41/56 MP: 9/16
  7688 | D:6      | Learned a level 3 spell: Portal Projectile
  7692 | D:6      | Learned a level 3 spell: Swiftness
  7779 | D:6      | Reached ** piety under the Shining One
  7892 | D:6      | Reached skill level 7 in Crossbows
  8299 | D:7      | Reached skill level 8 in Crossbows
  8412 | D:7      | Reached skill level 1 in Hexes
  8939 | D:7      | Found a stormy altar of Qazlal.
  8993 | D:7      | Noticed Prince Ribbit
  9015 | D:7      | Killed Prince Ribbit
  9016 | D:7      | Reached skill level 5 in Hexes
  9269 | D:7      | Found Nuley's Armour Shop.
  9318 | D:7      | Reached skill level 1 in Translocations
  9864 | D:8      | Noticed a catoblepas
  9882 | D:7      | Slain by a catoblepas

Illustrated notes

Levels and vault maps discovered:
D:1:      saegor_arrival_fortress, layout_basic,
          dreamdust_ecumenical_altar_sealed_demon
D:2:      layout_rooms, minmay_misc_feat_enclosed, due_unseen_surprise
D:3:      layout_basic, cheibrodos_ashenzari_chains, minmay_cupped
D:4:      layout_loops_ring, mainiacjoe_overflow_concentric_impassable,
          minmay_temple_entry_glass, gup_sewer_entry_bowl,
          nicolae_shop_overcharged_wands
D:5:      minmay_thick_lines, layout_basic, kennysheep_slug_shrine,
          nicolae_sif_muna_little_library, pf_just_have_faith, okawaru_trees_1,
          gammafunk_ghost_cemetery, uniq_pikel
D:6:      nicolae_cairo_tiling_very_big, layout_layer_cave, kennysheep_mini_moat
D:7:      layout_loops_ring, mainiacjoe_overflow_six_doors_small, serial_shops,
          shop, nicolae_concentric_dashed_squares_mild,
          chequers_serial_rivers_large_a, uniq_prince_ribbit1
D:8:      layout_cave_pools, marbit_many_paths
Temple:   nicolae_temple_figure_zero

Skill      XL: |  1  2  3  4  5  6  7  8  9 10 |
---------------+-------------------------------+-----
Crossbows      | 5 6 8 |  8.0
Spellcasting   | 1 2 4 |  4.3
Air Magic      | 2 3 7 |  7.1
Conjurations   | 1 4 7 |  7.4
Short Blades   | 2 |  2.5
Fighting       | 3 |  3.5
Invocations    | 4 |  4.2
Hexes          | 5 |  5.2
Translocations | 2 |  2.2
Dodging        | |  2.4
Stealth        | |  1.3

Action                   |  1- 3 |  4- 6 |  7- 9 | 10-12 || total
-------------------------+-------+-------+-------+-------++-------
Melee: Short sword       |       |    14 |    25 |       ||    39
 Fire: Hand crossbow     |    63 |   100 |    67 |   109 ||   339
 Cast: Magic Dart        |       |       |    66 |       ||    66
       Searing Ray       |       |       |    18 |     3 ||    21
       Airstrike         |       |       |       |     3 ||     3
Evoke: Wand              |       |       |     4 |     1 ||     5
  Use: Scroll            |     4 |     4 |     3 |       ||    11
       Potion            |       |     1 |     2 |       ||     3
Armor: Leather armour    |     1 |    11 |    38 |       ||    50
       Robe              |       |       |    13 |    28 ||    41
       Skin              |       |       |    10 |       ||    10
Dodge: Dodged            |    22 |    51 |    79 |    59 ||   211

Table legend: (Time is in decaauts)
 A = Elapsed time spent in this place.
 B = Non-inter-level travel time spent in this place.
 C = Inter-level travel time spent in this place.
 D = Time resting spent in this place.
 E = Time spent auto-exploring this place.
 F = Levels seen in this place.
 G = Mean time per level.
                   A        B        C        D        E       F      G
               +--------+--------+--------+--------+--------+-----+--------+
         Total |   9932 |   9794 |    138 |   1015 |   7457 |   9 | 1103.6 |
       Dungeon |   9803 |   9676 |    127 |   1015 |   7343 |   8 | 1225.4 |
        Temple |    129 |    118 |     11 |      0 |    114 |   1 |  129.0 |
               +--------+--------+--------+--------+--------+-----+--------+

Top non-repeatable levels by time:
     D:5: 2375 daAuts
     D:6: 2314 daAuts
     D:7: 1577 daAuts
     D:4: 1163 daAuts
     D:1: 1003 daAuts
     D:3: 777 daAuts
     D:2: 569 daAuts
  Temple: 129 daAuts
     D:8: 20 daAuts
